 Dungeon Crawl Stone Soup version 0.30.0-5-g1a98f26d00 (webtiles) character file.

Game seed: 13200371420897645901

16142 GigaChad the Cleaver (level 12, -3/81 (95) HPs)
             Began as a Formicid Fighter on May 11, 2023.
             Was a Plaything of Xom.
             Killed from afar by Jorgrun (55 damage)
             ... with an iron shot
             ... on level 13 of the Dungeon.
             The game lasted 00:19:43 (9727 turns).

GigaChad the Cleaver (Formicid Fighter)             Turns: 9727, Time: 00:19:44

HP:   -3/81 (95)    AC: 31    Str: 28    XL:     12   Next: 66%
MP:   12/12         EV:  6    Int:  7    God:    Xom [.....*]
Gold: 455           SH: 13    Dex: 16    Spells: 11/11 levels left

rFire   + . .        j - +0 battleaxe (protect)
rCold   + + +        P - +1 kite shield {AC+3}
rNeg    . . .        O - +0 ice dragon scales
rPois   .            (helmet unavailable)
rElec   +            q - +1 cloak {Stlth+}
rCorr   .            (no gloves)
SInv    +            (no boots)
Will    +....        (no amulet)
Stlth   +            C - ring of protection from fire
HPRegen 1.13/turn    (no ring)
MPRegen 0.13/turn

%: no passive effects
@: grasped by roots, under a protective aura, constricted, heavily drained
A: permanent stasis, dig shafts and tunnels, antennae 3, four strong arms, claws
1, iridescent scales 3, agile 1, cold resistance 2, fire resistance 1, sense
surroundings 1, regeneration 1, electricity resistance, strong 1, evolution 1,
sturdy frame 1, noise suppression
a: Dig, Shaft Self, Renounce Religion


You were on level 13 of the Dungeon.
You worshipped Xom.
You were Xom's teddy bear.
You visited 2 branches of the dungeon, and saw 14 of its levels.

You collected 653 gold pieces.
You spent 198 gold pieces at shops.

Inventory:

Hand Weapons
 a - a +0 war axe of flaming
 j - a +0 battleaxe of protection (weapon)
 u - a +0 great sword
 y - a +5 quarterstaff
 H - a +2 great mace of protection
Armour
 b - a +0 chain mail
 c - a +0 buckler
 l - the +0 buckler of Action {Regen+}
   (You found it on level 3 of the Dungeon)

   Regen:     It increases your rate of health regeneration.
 q - a +1 cloak of stealth (worn)
 t - a +0 cloak
 E - a +1 plate armour
 G - +0 steam dragon scales
 O - +0 ice dragon scales (worn)
 P - a +1 kite shield of protection (worn)
Magical Staves
 x - the staff of cold "Tasaxe" {*Corrode rElec rC+ Dex+3}
   (You found it on level 6 of the Dungeon)

   [staff of cold]

   Base accuracy: +5 Base damage: 5 Base attack delay: 1.2 This weapon's minimum
   attack delay (0.6) is reached at skill level 12.
   Dex:       It affects your dexterity (+3).
   rC:        It protects you from cold.
   rElec:     It insulates you from electricity.
   *Corrode:  It may corrode you when you take damage.
   It falls into the 'Staves' category.
   It is a weapon for one hand-pair.
Jewellery
 h - a ring of fire
 C - a ring of protection from fire (left claw)
 F - a ring of fire
Wands
 i - a wand of mindburst (19)
 n - a wand of charming (40)
 B - a wand of acid (6)
 I - a wand of iceblast (6)
 M - a wand of polymorph (2)
Scrolls
 f - 2 scrolls of magic mapping
 s - 2 scrolls of butterflies
 v - a scroll of fog
 L - a scroll of identify
 N - a scroll of vulnerability
 Q - a scroll of amnesia {unknown}
Potions
 d - 3 potions of might
 e - 4 potions of degeneration
 g - 7 potions of heal wounds
 k - 2 potions of brilliance {unknown}
 m - 2 potions of haste {unknown}
 o - 3 potions of invisibility {unknown}
 p - a potion of attraction {unknown}
 r - a potion of resistance {unknown}
 z - 4 potions of curing {unknown}
 A - a potion of ambrosia {unknown}
 D - 3 potions of magic {unknown}
 J - a potion of cancellation {unknown}
 K - 4 potions of flight {unknown}
Miscellaneous
 w - a piece from Xom's chessboard (15/15)


   Skills:
 * Level 9.0 Fighting
 * Level 13.6 Axes
 * Level 9.2 Armour
 - Level 0.3 Dodging
 * Level 10.1 Shields
 * Level 7.1 Evocations


You had 11 spell levels left.
You didn't know any spells.
Your spell library contained the following spells:

 Spells                   Type           Power      Damage    Failure   Level
 Apportation              Tloc           0%         N/A       78%         1
 Foxfire                  Conj/Fire      0%         2x1d4     78%         1
 Magic Dart               Conj           0%         1d3       78%         1
 Necrotise                Necr           0%         1d4       78%         1
 Slow                     Hex            0%         N/A       78%         1
 Summon Small Mammal      Summ           0%         N/A       78%         1
 Call Imp                 Summ           0%         N/A       89%         2
 Lesser Beckoning         Tloc           0%         N/A       89%         2
 Momentum Strike          Conj/Tloc      0%         3d8       89%         2
 Confusing Touch          Hex            0%         N/A       98%         3
 Dazzling Flash           Conj/Hex       0%         N/A       98%         3
 Inner Flame              Hex/Fire       0%         N/A       98%         3
 Mephitic Cloud           Conj/Pois/Air  0%         N/A       98%         3
 Ozocubu's Armour         Ice            0%         N/A       98%         3
 Summon Guardian Golem    Hex/Summ       0%         N/A       98%         3
 Vampiric Draining        Necr           0%         2d6       98%         3
 Agony                    Necr           0%         N/A       100%        5
 Metabolic Englaciation   Hex/Ice        0%         N/A       100%        5
 Silence                  Hex/Air        0%         N/A       100%        5
 Simulacrum               Ice/Necr       0%         N/A       100%        6
 Orb of Destruction       Conj           0%         9d5       100%        7
 Spellforged Servitor     Conj/Summ      0%         N/A       100%        7
 Ignition                 Fire           0%         3d3       100%        8
 Blink                    Tloc           Unusable   N/A       N/A         2

Dungeon Overview and Level Annotations

Branches:
Dungeon (14/15)            Temple (1/1) D:7            Lair (0/5) D:8
 Vaults (0/5) D:13
    Orc: D:9-12

Altars:
Ashenzari
Cheibriados
Dithmenos
Elyvilon
Fedhas
Gozag
Hepliaklqana
Kikubaaqudgha
Makhleb
Nemelex Xobeh
Okawaru
Qazlal
Ru
Trog
Uskayaw
Vehumet
Wu Jian
Xom
Yredelemnul
Zin
The Shining One

Shops:
D:13 [

Annotations:
D:5 Blork the orc
D:13 Jorgrun


Innate Abilities, Weirdness & Mutations

You cannot be hasted, slowed, berserked, paralysed or teleported.
You can dig through walls and to a lower floor.
You have a pair of large antennae on your head. (SInv)
Your four strong arms can wield two-handed weapons with a shield.
You have sharp fingernails.
You are completely covered in iridescent scales. (AC +6)
You are agile. (Dex +4, Str/Int -1)
Your flesh is very cold resistant. (rC++)
Your flesh is heat resistant. (rF+)
You passively map a small area around you.
Your natural rate of healing is unusually fast.
You are resistant to electric shocks. (rElec)
Your muscles are strong. (Str +4, Int/Dex -1)
You have hidden genetic potential.
Your movements are slightly less encumbered by armour. (ER -2)
You passively dampen the noise of your surroundings.


Message History

Jorgrun hits you but does no damage.
You slice Jorgrun!!
Jorgrun is moderately wounded.
You block Jorgrun's attack.
You slash Jorgrun!
Jorgrun is moderately wounded.
Jorgrun hits you but does no damage.
You closely miss Jorgrun.
Jorgrun is moderately wounded. "Let me alter your pitiful body."
Your body is suffused with distortional energy.
Your fingernails lengthen.
You feel less encumbered by your armour.
You feel a strange attunement to the structure of the dungeons.
Jorgrun hits you but does no damage.
You slash Jorgrun!
Jorgrun is heavily wounded.
Jorgrun barely misses you.
Unknown command.
You closely miss Jorgrun.
Jorgrun is heavily wounded.
Jorgrun points at you and mumbles some strange words.
Roots burst forth from the earth!
The grasping roots grab you! The grasping roots constrict you!
Unknown command.
You hit Jorgrun.
Jorgrun is heavily wounded.
Jorgrun hits you with a staff of earth. Jorgrun shatters you!
The grasping roots constrict you. Jorgrun hits you but does no damage.
The grasping roots constrict you.
Unknown command.
Unknown command.
You miss Jorgrun.
Jorgrun is heavily wounded.
Jorgrun casts a spell at you. The iron shot hits you!!!
Ouch! That really hurt!
You die...
Xom chortles!

#...............
#..........#..#.*.#
#.............# .#
#.........#...# .#
#.........#...# .#
#.######'##...#,
.### #.# #.# ...
... ..#
#.########.##.#*
.## #.)......@g...#
♣# ###############
#


You could see Jorgrun.

Vanquished Creatures
  An ice dragon (D:13)
  4 vault guards (D:13)
  A centaur warrior (D:13)
  2 tengu warriors (D:13)
  A two-headed ogre (D:6)
  A wizard (D:13)
  Pikel (D:9)
  An orc sorcerer (D:13)
  A cyclops (D:11)
  A gargoyle (D:13)
  A troll (D:10)
  Grinder (D:6)
  A blink frog (D:7)
  A vampire (D:9)
  A shadow (D:10)
  3 wraiths
  6 yaks
  A wyvern (D:8)
  2 basilisks
  A hog (D:5)
  2 steam dragons
  An acid dragon (D:13)
  A water moccasin (D:8)
  An ice beast (D:7)
  2 black bears
  4 orc warriors
  An ogre (D:5)
  A sky beast (D:6)
  A lemure (D:9)
  5 centaurs
  3 kobold brigands
  A phantom (D:6)
  A bullfrog (D:8)
  A scorpion (D:5)
  3 wights (D:7)
  6 killer bees (D:10)
  A howler monkey (D:7)
  3 orc priests
  3 hounds
  3 jellies
  A gnoll bouda (D:7)
  5 iguanas
  12 orc wizards
  5 gnolls (D:7)
  8 adders
  An ufetubus (D:4)
  2 dart slugs
  42 orcs
  5 bats
  11 endoplasms
  A giant cockroach (D:1)
  7 goblins
  6 hobgoblins
  2 jackals (D:3)
  21 kobolds
  A quokka (D:2)
  10 ball pythons
  8 frilled lizards
  4 rats
228 creatures vanquished.

Vanquished Creatures (collateral kills)
  A vault guard (D:13)
  A tengu warrior (D:13)
  A deep elf pyromancer (D:13)
  A yaktaur (D:13)
  3 yaks
7 creatures vanquished.

Vanquished Creatures (others)
  A two-headed ogre (D:11)
  2 dancing weapons (D:13)
  An orc knight (D:11)
  A deep elf pyromancer (D:13)
  A yaktaur (D:11)
  A meliai (D:11)
7 creatures vanquished.

Grand Total: 242 creatures vanquished

Notes
Turn   | Place    | Note
-------+----------+-------------------------------------------
     0 | D:1      | GigaChad the Formicid Fighter began the quest for the Orb.
     0 | D:1      | Reached XP level 1. HP: 18/18 MP: 1/1
    71 | D:1      | Reached XP level 2. HP: 23/24 MP: 2/2
   722 | D:1      | Reached XP level 3. HP: 30/30 MP: 3/3
  1210 | D:2      | Found a faded altar of an unknown god.
  1221 | D:2      | Prayed at the altar of an unknown god.
  1221 | D:2      | Became a worshipper of Xom of Chaos
  1669 | D:3      | XOM: noise
  1671 | D:3      | Identified the +0 buckler of Action {Regen+}
  1726 | D:3      | Reached XP level 4. HP: 37/37 MP: 4/4
  2092 | D:3      | Found a glowing silver altar of Zin.
  2340 | D:3      | Found a glowing golden altar of the Shining One.
  2596 | D:4      | Found a sacrificial altar of Ru.
  2608 | D:4      | XOM: noise
  2614 | D:4      | Reached skill level 3 in Axes
  2615 | D:4      | Reached XP level 5. HP: 28/42 MP: 5/5
  2624 | D:4      | XOM: blink monster(s)
  2774 | D:4      | Reached skill level 1 in Evocations
  2971 | D:4      | XOM: summons 1 hostile shadow creature
  3181 | D:4      | XOM: divination: detect creatures
  3195 | D:5      | Entered Level 5 of the Dungeon
  3195 | D:5      | Noticed an ogre
  3196 | D:5      | XOM: cast spell 'Statue Form'
  3201 | D:5      | Killed an ogre
  3202 | D:5      | Reached skill level 4 in Axes
  3202 | D:5      | Reached XP level 6. HP: 48/48 MP: 6/6
  3276 | D:5      | XOM: potion effect (might)
  3324 | D:5      | Noticed a black bear
  3325 | D:5      | a black bear changed into a hog
  3325 | D:5      | Noticed a hog
  3325 | D:5      | XOM: polymorph black bear -> hog
  3326 | D:5      | XOM: confusion
  3331 | D:5      | XOM: confusion
  3332 | D:5      | Killed a hog
  3333 | D:5      | Reached skill level 5 in Axes
  3333 | D:5      | Reached skill level 5 in Shields
  3333 | D:5      | Reached XP level 7. HP: 35/55 MP: 7/7
  3574 | D:5      | XOM: give mutation
  3574 | D:5      | Gained mutation: You passively dampen the noise of your
                  | surroundings. [Xom's mischief]
  3575 | D:5      | Reached skill level 6 in Axes
  3578 | D:5      | XOM: chaos cloud
  3582 | D:5      | Reached XP level 8. HP: 55/61 MP: 8/8
  3905 | D:5      | XOM: give mutations
  3905 | D:5      | Gained mutation: Your natural rate of healing is unusually
                  | fast. [Xom's mischief]
  3905 | D:5      | Gained mutation: You have hidden genetic defects. [Xom's
                  | mischief]
  3905 | D:5      | Lost mutation: You have hidden genetic defects. [Xom's
                  | mischief]
  3905 | D:5      | Gained mutation: You are partially covered in iridescent
                  | scales. (AC +2) [Xom's mischief]
  3906 | D:5      | Noticed Blork the orc
  3925 | D:5      | XOM: stat loss: -1 Dex (12/13)
  4071 | D:6      | XOM: give mutations
  4071 | D:6      | Gained mutation: You are partially covered in large bone
                  | plates. (SH +4) [Xom's mischief]
  4071 | D:6      | Lost mutation: You are partially covered in large bone
                  | plates. (SH +4) [Xom's mischief]
  4071 | D:6      | Gained mutation: You are dopey. (Int -2) [Xom's mischief]
  4071 | D:6      | Lost mutation: You are dopey. (Int -2) [Xom's mischief]
  4079 | D:6      | Reached skill level 5 in Armour
  4151 | D:6      | XOM: draining
  4159 | D:6      | XOM: cleaving
  4227 | D:6      | Noticed a two-headed ogre
  4229 | D:6      | XOM: divination: magic mapping
  4235 | D:6      | Killed a two-headed ogre
  4236 | D:6      | Reached skill level 5 in Fighting
  4236 | D:6      | Reached skill level 7 in Axes
  4236 | D:6      | Reached XP level 9. HP: 31/68 MP: 9/9
  4266 | D:6      | Found a shimmering altar of Xom.
  4287 | D:6      | Identified the staff of cold "Tasaxe" {*Corrode rElec rC+
                  | Dex+3}
  4340 | D:6      | Reached skill level 8 in Axes
  4473 | D:6      | Noticed Grinder
  4473 | D:6      | XOM: divination: detect items
  4484 | D:6      | Killed Grinder
  4605 | D:6      | Found a faded altar of an unknown god.
  4606 | D:6      | Found a hazy altar of Hepliaklqana.
  4639 | D:7      | XOM: cloud trail
  4680 | D:7      | XOM: enchant monster (bad)
  4681 | D:7      | XOM: give mutations
  4681 | D:7      | Gained mutation: Your muscles are strong. (Str +4, Int/Dex
                  | -1) [Xom's grace]
  4681 | D:7      | Gained mutation: You are mostly covered in iridescent
                  | scales. (AC +4) [Xom's grace]
  4681 | D:7      | Gained mutation: Your flesh is heat resistant. (rF+) [Xom's
                  | grace]
  4693 | D:7      | Reached skill level 9 in Axes
  4703 | D:7      | an ice beast changed into a blink frog
  4703 | D:7      | Noticed a blink frog
  4703 | D:7      | XOM: polymorph ice beast -> blink frog
  4716 | D:7      | Found a staircase to the Ecumenical Temple.
  4717 | D:7      | XOM: butterfly on damage
  4720 | D:7      | You fall into a shaft and drop 1 floor!
  4739 | D:8      | XOM: give mutations
  4739 | D:8      | Gained mutation: You are completely covered in iridescent
                  | scales. (AC +6) [Xom's grace]
  4739 | D:8      | Gained mutation: Your flesh is cold resistant. (rC+) [Xom's
                  | grace]
  4739 | D:8      | Gained mutation: You have hidden genetic potential. [Xom's
                  | grace]
  4757 | D:8      | XOM: divination: detect creatures
  4762 | D:8      | XOM: summons 3 friendly demons
  5196 | Temple   | Entered the Ecumenical Temple
  5281 | Temple   | XOM: give mutation
  5281 | Temple   | Gained mutation: You are agile. (Dex +4, Str/Int -1) [Xom's
                  | grace]
  5310 | D:7      | Killed a blink frog
  5311 | D:7      | Reached XP level 10. HP: 77/77 MP: 10/10
  5327 | D:7      | XOM: cast spell 'Discord'
  5573 | D:7      | XOM: god gift: chain mail {god gift}
  5824 | D:8      | XOM: god gift: silver ring {god gift}
  5838 | D:8      | Reached skill level 10 in Axes
  6096 | D:8      | XOM: cast spell 'Monstrous Menagerie'
  6101 | D:8      | Found a staircase to the Lair.
  6237 | D:8      | XOM: blink monster(s)
  6238 | D:8      | XOM: confusion (+ monsters)
  6241 | D:8      | XOM: noise
  6367 | D:9      | XOM: confuse monster(s)
  6393 | D:9      | Gained mutation: You are resistant to electric shocks.
                  | (rElec) [hidden potential]
  6464 | D:9      | Identified the +6 dagger of Dominance {heavy, Stlth+}
  6484 | D:9      | Reached skill level 5 in Evocations
  6718 | D:9      | Noticed Pikel
  6727 | D:9      | Killed Pikel
  6784 | D:10     | Entered Level 10 of the Dungeon
  6792 | D:10     | Reached skill level 11 in Axes
  6843 | D:10     | XOM: summons 2 friendly demons
  6850 | D:10     | Reached XP level 11. HP: 76/84 MP: 11/11
  6972 | D:10     | XOM: summons 1 hostile demon
  7327 | D:11     | XOM: stealth player
  7331 | D:11     | Got Gesiaz's Annotations on the Pyromaniac
  7355 | D:11     | Noticed a cyclops
  7358 | D:11     | XOM: enchant monster (good)
  7380 | D:11     | Killed a cyclops
  7446 | D:11     | XOM: summons 11 friendly demons
  7450 | D:11     | Gained mutation: You have great hidden genetic potential.
                  | [hidden potential]
  7450 | D:11     | Lost mutation: You have great hidden genetic potential.
                  | [hidden potential expressed]
  7476 | D:11     | XOM: polymorph quasit -> lemure
  7611 | D:11     | XOM: enchant monster (good)
  7632 | D:11     | XOM: cloud trail
  7655 | D:11     | Reached skill level 12 in Axes
  7689 | D:11     | Noticed an orc knight
  7693 | D:11     | Noticed a two-headed ogre
  7695 | D:11     | Killed an orc knight
  7695 | D:11     | Killed a two-headed ogre
  7695 | D:11     | XOM: divine lightning
  7696 | D:11     | Noticed an ice dragon
  7698 | D:11     | an ice dragon changed into a great orb of eyes
  7698 | D:11     | Noticed a great orb of eyes
  7698 | D:11     | XOM: summons 8 friendly demons
  7698 | D:11     | Noticed a manticore
  7707 | D:11     | Noticed a cyclops
  7709 | D:11     | Noticed a death knight
  7711 | D:11     | Noticed a centaur warrior
  7715 | D:11     | You fall into a shaft and drop 3 floors!
  7783 | D:13     | Noticed a vault guard
  7788 | D:13     | XOM: potion effect (brilliance)
  7813 | D:13     | Noticed a vault guard
  7825 | D:13     | Killed a vault guard
  7843 | D:13     | Noticed an ice dragon
  7847 | D:13     | XOM: summons friendly ufetubus
  7861 | D:13     | Killed an ice dragon
  8049 | D:13     | Noticed a centaur warrior
  8057 | D:13     | Killed a centaur warrior
  8137 | D:13     | Noticed a tengu warrior
  8148 | D:13     | Killed a tengu warrior
  8149 | D:13     | Reached XP level 12. HP: 82/94 MP: 12/12
  8224 | D:13     | XOM: cleaving
  8225 | D:13     | XOM: divine lightning
  8368 | D:13     | Noticed a vault guard
  8381 | D:13     | XOM: fog
  8387 | D:13     | Reached skill level 13 in Axes
  8405 | D:13     | Killed a vault guard
  8416 | D:13     | Gained mutation: Your flesh is very cold resistant. (rC++)
                  | [hidden potential]
  8592 | D:13     | Killed a vault guard
  8602 | D:13     | Found a gate to the Vaults.
  8602 | D:13     | Noticed a vault guard
  8602 | D:13     | Noticed a vault guard
  8613 | D:13     | Killed a vault guard
  8623 | D:13     | Killed a vault guard
  8922 | D:13     | Noticed a tengu warrior
  8922 | D:13     | Noticed a tengu warrior
  8923 | D:13     | XOM: scenery: 1 doors open
  8949 | D:13     | HP: 4/94 [tengu warrior/+0 great mace (18)]
  8953 | D:13     | HP: 1/94 [tengu warrior/+0 great mace (4)]
  8954 | D:13     | You fall into a shaft and drop 1 floor!
  9408 | D:13     | Killed a tengu warrior
  9414 | D:13     | Reached skill level 10 in Shields
  9426 | D:13     | Killed a tengu warrior
  9535 | D:13     | XOM: draining
  9677 | D:13     | Found Roisha's Armour Boutique.
  9683 | D:13     | Bought a +1 cloak of stealth for 198 gold pieces
  9715 | D:13     | Noticed Jorgrun
  9723 | D:13     | XOM: give mutations
  9723 | D:13     | Gained mutation: You have sharp fingernails. [Xom's grace]
  9723 | D:13     | Gained mutation: Your movements are slightly less
                  | encumbered by armour. (ER -2) [Xom's grace]
  9723 | D:13     | Gained mutation: You passively map a small area around you.
                  | [Xom's grace]
  9727 | D:13     | Killed from afar by Jorgrun

Illustrated notes

Levels and vault maps discovered:
D:1:      psy_arrival_whirlpool, layout_basic, serial_forest,
          infiniplex_forest_lined_ring, infiniplex_forest_corner_1,
          infiniplex_forest_lined_2, infiniplex_forest_lined_room_3,
          infiniplex_forest_lined_room_2, infiniplex_forest_lined_ring
D:2:      layout_basic, shapermc_ecumenical_altar_pompeii,
          hangedman_decor_diamond_cutter, nicolae_concentric_dashed_squares_wild
D:3:      layout_basic, zin_academy, general_overflow_altar
D:4:      layout_basic, nicolae_ru_awakened_eye
D:5:      layout_cave_pools, tgw_sif, minmay_misc_feat_chi
D:6:      layout_basic, xom_butterflies, beargit_hepliaklqana_dungeon_heroes,
          minmay_misc_feat_room, uniq_grinder
D:7:      layout_rooms, minmay_temple_entry_waves, palyth_stone_intersect
D:8:      layout_loops_corners, lair_entry_dummy
D:9:      layout_cave_pools, uniq_pikel
D:10:     layout_basic
D:11:     hangedman_cross_veins, layout_irregular_city
D:13:     layout_basic, grunt_vaults_entry_fortified, serial_shops,
          nicolae_shop_pleasant_corner_grove, uniq_jorgrun
D:14:     layout_basic, serial_bayou_pond_a, minmay_misc_feat_nine_boxes,
          uniq_nessos, uniq_frances
Temple:   nicolae_temple_superstar

Skill      XL: |  1  2  3  4  5  6  7  8  9 10 11 12 |
---------------+-------------------------------------+-----
Axes           | 3 4 5 6 7 9 11 12 13 | 13.6
Armour         | 4 5 6 7 8 9 |  9.2
Evocations     | 1 2 3 4 5 6 7 |  7.1
Fighting       | 4 5 6 7 8 9 |  9.0
Shields        | 5 6 7 9 10 | 10.1
Dodging        | |  0.3

Action                     |  1- 3 |  4- 6 |  7- 9 | 10-12 || total
---------------------------+-------+-------+-------+-------++-------
  Melee: War axe           |    73 |       |       |       ||    73
         Battleaxe         |    55 |    98 |   237 |   354 ||   744
Ability: Shaft Self        |       |       |     1 |     2 ||     3
  Evoke: Wand              |       |       |       |     2 ||     2
    Use: Scroll            |     5 |     5 |       |     6 ||    16
   Stab: Confused          |       |       |       |     2 ||     2
 Armour: Scale mail        |    67 |    11 |       |       ||    78
         Chain mail        |       |    71 |   156 |    64 ||   291
         Skin              |       |     1 |       |       ||     1
         Plate armour      |       |       |       |   204 ||   204
         Ice dragon scales |       |       |       |   166 ||   166
  Dodge: Dodged            |    78 |    62 |   108 |   173 ||   421
  Block: Buckler           |    38 |    25 |    68 |    91 ||   222
         Kite shield       |       |       |       |   134 ||   134
